 Dungeon Crawl Stone Soup version 0.27.1-33-g824d729ab1 (webtiles) character file.

Game seed: 10956952545087544893

315 alasdair19 the Shield-Bearer (level 6, -2/53 HPs)
             Began as a Minotaur Fighter on Dec 5, 2021.
             Was an Initiate of Okawaru.
             Slain by Duvessa (8 damage)
             ... on level 4 of the Dungeon on Dec 6, 2021.
             The game lasted 00:08:47 (3174 turns).

alasdair19 the Shield-Bearer (Minotaur Fighter)     Turns: 3174, Time: 00:08:47

Health: -2/53      AC: 10    Str: 21    XL:     6   Next: 19%
Magic:  5/5        EV:  8    Int:  6    God:    Okawaru [......]
Gold:   80         SH: 10    Dex: 10    Spells: 5/5 levels left

rFire    . . .     SeeInvis .   a - +0 long sword
rCold    + . .     Faith    .   c - +0 kite shield
rNeg     . . .     Spirit   .   b - +0 scale mail
rPois    .         Reflect  .   g - +2 hat {Will+}
rElec    .         Harm     .   n - +0 cloak
rCorr    .         Rampage  .   (no gloves)
Will     +....                  (no boots)
Stlth    ..........             (no amulet)
HPRegen  0.17/turn              l - ring of protection from cold
MPRegen  0.09/turn              (no ring)

@: no status effects
A: horns 2, retaliatory headbutt
a: Renounce Religion


You were on level 4 of the Dungeon.
You worshipped Okawaru.
Okawaru was noncommittal.
You visited 2 branches of the dungeon, and saw 6 of its levels.

You collected 80 gold pieces.

Inventory:

Hand Weapons
 a - a +0 long sword (weapon)
Missiles
 i - 5 boomerangs (quivered)
Armour
 b - a +0 scale mail (worn)
 c - a +0 kite shield (worn)
 g - a +2 hat of willpower (worn)
 n - a +0 cloak (worn)
Jewellery
 l - a ring of protection from cold (left hand)
Wands
 h - a wand of flame (16)
Scrolls
 e - a scroll of teleportation
 j - a scroll of amnesia {unknown}
 m - a scroll of immolation {unknown}
Potions
 d - 2 potions of might
 f - a potion of flight
 k - a potion of brilliance


   Skills:
 + Level 4.5 Fighting
 + Level 4.8 Long Blades
 + Level 2.0 Throwing
 + Level 4.6 Armour
 - Level 0.4 Dodging
 + Level 5.2 Shields


You had 5 spell levels left.
You didn't know any spells.
Your spell library contained the following spells:

 Spells                   Type           Power      Damage    Failure   Level
 Conjure Flame            Conj/Fire      0%         6-21      100%        3
 Gell's Gravitas          Tloc           0%         N/A       100%        3
 Ignite Poison            Fire/Tmut/Pois 0%         N/A       100%        3
 Lesser Beckoning         Tloc           0%         N/A       100%        3
 Teleport Other           Tloc           0%         N/A       100%        3
 Sticky Flame             Conj/Fire      0%         2d3       100%        4


Dungeon Overview and Level Annotations

Branches:
Dungeon (5/15)             Temple (1/1) D:4

Altars:
Ashenzari
Cheibriados
Fedhas
Gozag
Hepliaklqana
Kikubaaqudgha
Makhleb
Okawaru
Ru
Sif Muna
Uskayaw
Vehumet
Wu Jian
Yredelemnul
Zin
The Shining One

Annotations:
D:4 Duvessa


Innate Abilities, Weirdness & Mutations

You have a pair of horns on your head.
You reflexively headbutt those who attack you in melee.


Message History

Dowan hits you but does no damage.
You slash Dowan! Your headbutt misses Dowan.
Dowan is severely wounded.
Dowan gestures at Duvessa while chanting.
Duvessa seems to speed up.
You slash Dowan!
You kill Dowan!
Okawaru accepts your kill.
Duvessa weeps, then rights herself and shakes her weapon.
Duvessa goes berserk!
You block Duvessa's attack.
You barely miss Duvessa. Your headbutt misses Duvessa.
You block Duvessa's attack. Duvessa hits you with a +0 short sword.
You hit Duvessa. You headbutt Duvessa, but do no damage.
Duvessa is lightly wounded.
Duvessa hits you but does no damage. Duvessa hits you with a +0 short sword.
You hit Duvessa but do no damage.
Duvessa is lightly wounded.
Duvessa barely misses you. You block Duvessa's attack.
You hit Duvessa but do no damage.
Duvessa is lightly wounded.
You block Duvessa's attack. Duvessa hits you with a +0 short sword.
You slash Duvessa!
Duvessa is lightly wounded.
Duvessa hits you with a +0 short sword! x2
You hit Duvessa.
Duvessa is moderately wounded.
Duvessa completely misses you. You furiously retaliate!
You headbutt Duvessa. Duvessa hits you with a +0 short sword!
You slash Duvessa!
Duvessa is heavily wounded.
You block Duvessa's attack. x2
You barely miss Duvessa.
Duvessa is heavily wounded.
Duvessa hits you with a +0 short sword!
* * * LOW HITPOINT WARNING * * *
You block Duvessa's attack.
You hit Duvessa but do no damage. You headbutt Duvessa.
Duvessa is heavily wounded.
You block Duvessa's attack. Duvessa hits you with a +0 short sword!
You die...

#.#
#.#.###+###
#.#
#.#.#.....#
#.#
#[#.#.⌠.⌠.#
#.#
#.#.'..>..+
#.#
#...#.⌠.⌠.#
#.#
#...#..(..#
#######.#
##..###+###
#.......#
##.#
#...@.###
#.# ####e##
#.# #.# #..
#.# ### #.#
#.# #.# #.#


You could see Duvessa (berserk, fast).

Vanquished Creatures
  2 scorpions
  Dowan (D:4)
  A hound (D:3)
  6 adders
  An orc (D:3)
  7 ball pythons
  3 bats
  6 endoplasms
  2 giant cockroaches
  6 hobgoblins
  6 jackals
  4 quokkas
  4 frilled lizards
  4 goblins
  4 kobolds
  4 rats
61 creatures vanquished.

Vanquished Creatures (others)
  23 plants (D:2)
23 creatures vanquished.

Grand Total: 84 creatures vanquished

Notes
Turn   | Place    | Note
-------+----------+-------------------------------------------
     0 | D:1      | alasdair19 the Minotaur Fighter began the quest for the
                  | Orb.
     0 | D:1      | Reached XP level 1. HP: 19/19 MP: 0/0
   217 | D:1      | Reached XP level 2. HP: 22/27 MP: 1/1
   219 | D:1      | Reached skill level 4 in Shields
   453 | D:1      | Found a faded altar of an unknown god.
   681 | D:1      | Reached XP level 3. HP: 33/33 MP: 2/2
  1739 | D:2      | Reached XP level 4. HP: 40/40 MP: 3/3
  1743 | D:2      | Found an ornate altar of the Wu Jian Council.
  1955 | D:3      | Noticed a scorpion
  1964 | D:3      | Killed a scorpion
  1965 | D:3      | Reached skill level 1 in Throwing
  1965 | D:3      | Reached skill level 5 in Shields
  1965 | D:3      | Reached XP level 5. HP: 34/46 MP: 4/4
  1978 | D:3      | Identified a scroll of acquirement
  1978 | D:3      | Acquired a +2 hat of willpower
  2881 | D:4      | Reached XP level 6. HP: 30/53 MP: 5/5
  2887 | D:4      | Found a staircase to the Ecumenical Temple.
  2901 | Temple   | Entered the Ecumenical Temple
  3075 | Temple   | Became a worshipper of Warmaster Okawaru
  3125 | D:5      | Entered Level 5 of the Dungeon
  3125 | D:5      | Noticed a yak
  3161 | D:4      | Noticed Duvessa
  3161 | D:4      | Noticed Dowan
  3165 | D:4      | Killed Dowan
  3174 | D:4      | Slain by Duvessa

Illustrated notes

Levels and vault maps discovered:
D:1:      dpeg_arrival_long_road, layout_basic,
          shapermc_ecumenical_altar_mp_ritualfount, corexii_corridor_pit,
          corexii_corridor_pit
D:2:      layout_basic, basic_altar, serial_bayou_lagoon_a
D:3:      layout_loops_ring
D:4:      layout_loops_ring, minmay_temple_entry_hall, uniq_duvessa
D:5:      layout_cave_pools, serial_gnoll_camp, gnoll_camp_huts_moat,
          grums_kennel, gnoll_camp_mini_loothouse, gnoll_camp_mini_basic,
          gnoll_camp_mini_hut, serial_shops, shop, nicolae_alphabet_shops,
          uniq_grinder
Temple:   regret_index_temple_sigil_plot

Skill      XL: |  1  2  3  4  5 |
---------------+----------------+-----
Shields        | 4 5 |  5.2
Fighting       | 4 |  4.5
Long Blades    | 3 4 |  4.8
Throwing       | 1 2 |  2.0
Armour         | 4 |  4.6
Dodging        | |  0.4

Action                   |  1- 3 |  4- 6 || total
-------------------------+-------+-------++-------
Melee: Long sword        |    80 |    76 ||   156
       Headbutt          |     7 |     8 ||    15
Throw: Throwing net      |     1 |       ||     1
       Boomerang         |       |     2 ||     2
  Use: Scroll            |       |     6 ||     6
Armor: Scale mail        |    31 |    36 ||    67
Dodge: Dodged            |    38 |    20 ||    58
Block: Kite shield       |    49 |    41 ||    90
       Rpst.: Long sword |    17 |     3 ||    20
